 Seeded DCSS version 0.28-a0-1182-g381e24db82 (webtiles) character file.

Game seed: 20211216 (custom seed)

1469 flotson the Ducker (level 8, -4/94 HPs)
             Began as a Demonspawn Gladiator on Dec 16, 2021.
             Slain by Grinder (6 damage)
             ... while paralysed by Grinder
             ... on level 5 of the Dungeon.
             The game lasted 00:09:43 (5509 turns).

flotson the Ducker (Demonspawn Gladiator)           Turns: 5509, Time: 00:09:44

Health: -4/94      AC: 28    Str: 24    XL:     8   Next: 49%
Magic:  8/8        EV:  2    Int:  9    God:
Gold:   157        SH:  0    Dex: 14    Spells: 7/7 levels left

rFire   . . .      SeeInvis .   a - +0 quarterstaff
rCold   . . .      Faith    .   (shield currently unavailable)
rNeg    . . .      Spirit   .   (armour currently unavailable)
rPois   +          Reflect  .   (helmet currently unavailable)
rElec   .          Harm     .   (cloak currently unavailable)
rCorr   .          Rampage  .   (gloves currently unavailable)
Will    .....      NoTele   +   (boots currently unavailable)
Stlth   +.........              (no amulet)
HPRegen 0.25/turn               c - +4 ring of protection
MPRegen 0.11/turn               B - +6 ring of strength

@: paralysed, tree-form (expiring)
A: stationary, stasis, torment immunity, boosted hp, (antennae 1), (slimy green
scales 2), powered by death 1, demonic magic 1
a: no special abilities


You were on level 5 of the Dungeon.
You were a tree.
You visited 1 branch of the dungeon, and saw 6 of its levels.

You collected 168 gold pieces.
You spent 11 gold pieces at shops.

Inventory:

Hand Weapons
 a - a +0 quarterstaff (weapon)
 b - a +0 longbow
 t - a +0 antimagic spear
 u - a +0 flail
Missiles
 s - 16 poisoned darts (quivered)
 x - 10 arrows
Armour
 f - a +0 ring mail (melded)
 n - a +0 pair of gloves (melded)
Jewellery
 c - a +4 ring of protection (left branch)
 B - a +6 ring of strength (right branch)
Wands
 y - a wand of flame (25)
 A - a wand of paralysis (8)
Scrolls
 d - 3 scrolls of silence {unknown}
 e - 6 scrolls of identify
 g - 4 scrolls of blinking {unknown}
 h - a scroll of vulnerability {unknown}
 j - 4 scrolls of enchant armour {unknown}
 k - 2 scrolls of fear {unknown}
 l - 2 scrolls of immolation {unknown}
 p - 3 scrolls of teleportation {unknown}
 r - a scroll of fog {unknown}
 v - 2 scrolls of enchant weapon {unknown}
Potions
 i - a potion of mutation {unknown}
 z - a potion of invisibility {unknown}


   Skills:
 + Level 5.5 Fighting
 + Level 5.5 Maces & Flails
 + Level 1.5 Bows
 - Level 4.6 Throwing
 + Level 0.3 Armour
 + Level 5.5 Dodging
 + Level 0.4 Evocations


You had 7 spell levels left.
You didn't know any spells.
Your spell library contained the following spells:

 Spells                   Type           Power      Damage    Failure   Level
 Freeze                   Ice            0%         1d3       38%         1
 Frozen Ramparts          Ice            0%         1d2       77%         3
 Hailstorm                Conj/Ice       0%         3d3       99%         4


Dungeon Overview and Level Annotations

Branches:
Dungeon (6/15)
 Temple: D:4-7

Altars:
Hepliaklqana
Okawaru

Shops:
D:3 ?[*

Annotations:
D:5 Grinder


Innate Abilities, Weirdness & Mutations

You are a tree.
Your roots penetrate the ground, keeping you stationary.
You cannot be teleported.
You are immune to unholy pain and torment.
Your maximum health is greatly increased.
Your equipment is partially melded.
((You have a pair of small antennae on your head.))
((You are mostly covered in slimy green scales. (AC +3)))
You regenerate a little health from kills.
Spells you cast may paralyse adjacent enemies.


Message History

a - a +0 quarterstaff (weapon)
You hit the scorpion.
The scorpion is almost dead.
The scorpion stings you but does no damage.
Grinder hits you.
* * * LOW HITPOINT WARNING * * *
You writhe in agony.
* * * LOW HITPOINT WARNING * * *
The scorpion stings you but does no damage.
You sock the scorpion!
You kill the scorpion!
Grinder hits you but does no damage.
Unknown command.
You feel better. Grinder barely misses you.
You hit Grinder but do no damage. Grinder hits you but does no damage.
Grinder hits you.
* * * LOW HITPOINT WARNING * * *
You hit Grinder but do no damage. Grinder hits you but does no damage.
You hit Grinder but do no damage. Grinder hits you but does no damage.
You hit Grinder.
Grinder is lightly wounded.
Grinder hits you but does no damage.
You hit Grinder.
Grinder is moderately wounded.
Grinder hits you but does no damage.
You hit Grinder but do no damage.
Grinder is moderately wounded.
Your transformation is almost over.
Grinder gestures at you. You resist with some effort.
You hit Grinder.
Grinder is moderately wounded.
Grinder gestures at you.
You suddenly lose the ability to move!
Grinder hits you!
* * * LOW HITPOINT WARNING * * *
You writhe in agony.
* * * LOW HITPOINT WARNING * * *
Grinder hits you.
You die...

..##..### ####.......>..........
........#####...#......###.###...
..#.......(##.#........##..# #...
....#...#.....#......#.....###>..
....#######........!........##...
...##^.......................#...
....#.#####..............[...#...
....#.##..##...(.............####
....#.##........♣...^........# ##
....#.#.........5............###.
....#.#......................#...
...............................##
.............................###
.....................)[....######
.....#................[..........
......#...............####)##....
.........................#.......


You could see Grinder.

Vanquished Creatures
  A wyvern (D:4)
  An ice beast (D:5)
  A sky beast (D:4)
  2 ogres
  2 centaurs (D:5)
  3 scorpions
  A water moccasin skeleton (D:4)
  A howler monkey (D:6)
  2 orc priests (D:4)
  2 centaur skeletons
  3 bullfrog zombies (D:5)
  A jelly (D:4)
  2 orc wizards
  2 iguanas (D:4)
  A scorpion zombie (D:5)
  A hound skeleton (D:4)
  A howler monkey zombie (D:5)
  A gnoll (D:5)
  3 adders (D:2)
  An ufetubus (D:5)
  An adder skeleton (D:4)
  2 dart slugs
  9 orcs
  10 endoplasms
  2 giant cockroaches
  5 goblins
  4 hobgoblins
  7 jackals
  3 quokkas
  4 ball pythons
  2 bats
  4 frilled lizards
  6 kobolds
  2 rats
93 creatures vanquished.

Vanquished Creatures (others)
  24 plants
24 creatures vanquished.

Grand Total: 117 creatures vanquished

Notes
Turn   | Place    | Note
-------+----------+-------------------------------------------
     0 | D:1      | flotson the Demonspawn Gladiator began the quest for the
                  | Orb.
     0 | D:1      | Reached XP level 1. HP: 16/16 MP: 1/1
   273 | D:1      | Gained mutation: You regenerate a little health from kills.
                  | [demonic ancestry]
   273 | D:1      | Reached XP level 2. HP: 22/22 MP: 2/2
   886 | D:2      | Found a hazy altar of Hepliaklqana.
   895 | D:2      | Gained mutation: Spells you cast may paralyse adjacent
                  | enemies. [demonic ancestry]
   895 | D:2      | Reached XP level 3. HP: 28/28 MP: 3/3
  1474 | D:3      | Found Heqig's Armour Shoppe.
  1505 | D:3      | Found Gemeg's Weapon Shop.
  1562 | D:3      | Found Juecw's Magic Scroll Boutique.
  1566 | D:3      | Bought a scroll of noise for 11 gold pieces
  1725 | D:3      | Gained mutation: You have a pair of small antennae on your
                  | head. [demonic ancestry]
  1725 | D:3      | Reached XP level 4. HP: 34/34 MP: 4/4
  1903 | D:3      | Found a faded altar of an unknown god.
  1927 | D:3      | Found Nuukix's Assorted Antiques.
  2470 | D:4      | Noticed an ogre
  2477 | D:4      | Noticed an ogre
  2507 | D:3      | Killed an ogre
  2508 | D:3      | Gained mutation: You are partially covered in slimy green
                  | scales. (AC +2) [demonic ancestry]
  2508 | D:3      | Reached XP level 5. HP: 35/41 MP: 5/5
  2865 | D:4      | Reached XP level 6. HP: 47/47 MP: 6/6
  3388 | D:4      | Noticed a wyvern
  3403 | D:4      | Killed a wyvern
  3404 | D:4      | Reached XP level 7. HP: 30/54 MP: 7/7
  4403 | D:5      | Entered Level 5 of the Dungeon
  4508 | D:5      | Noticed Grinder
  4816 | D:5      | Reached skill level 5 in Maces & Flails
  4816 | D:5      | Reached skill level 5 in Dodging
  4816 | D:5      | Gained mutation: You are mostly covered in slimy green
                  | scales. (AC +3) [demonic ancestry]
  4816 | D:5      | Reached XP level 8. HP: 56/61 MP: 8/8
  4850 | D:5      | Reached skill level 5 in Fighting
  5132 | D:5      | Reached skill level 1 in Bows
  5464 | D:6      | Found an iron altar of Okawaru.
  5491 | D:5      | Paralysed by Grinder for 3 turns
  5507 | D:5      | Paralysed by Grinder for 4 turns
  5508 | D:5      | HP: 2/94 [Grinder (4)]
  5509 | D:5      | Slain by Grinder

Illustrated notes

Levels and vault maps discovered:
D:1:      minmay_arrival_arboretum_small, layout_basic
D:2:      layout_rooms, basic_altar, minmay_misc_feat_four_crosses,
          chequers_serial_rivers_room_b, kennysheep_boxes
D:3:      layout_basic, serial_shops, nicolae_shop_overgrown_old_shop,
          nicolae_shop_window_shopping, nicolae_shop_hallway_stairs, shop,
          basic_ecumenical_altar, serial_curves, eino_curves_03, eino_curves_01,
          minmay_liquid_box
D:4:      layout_loops_cross, minmay_increasing_density
D:5:      layout_rooms, corner_web_ring, minmay_fractal_squares_5, uniq_grinder
D:6:      layout_loops_ring, kennysheep_little_box,
          mainiacjoe_overflow_surrounded_room, mainiacjoe_overflow_chevrons,
          nemelex_diamond_rough_becter, temple_pool_b, lexackson_kobold_supper,
          uniq_maggie, uniq_edmund

Skill      XL: |  1  2  3  4  5  6  7  8 |
---------------+-------------------------+-----
Throwing       | 2 3 4 |  4.6
Dodging        | 3 4 5 |  5.5
Maces & Flails | 3 4 5 |  5.5
Fighting       | 3 4 5 |  5.5
Bows           | 1 |  1.5
Armour         | |  0.3
Evocations     | |  0.4

Action                   |  1- 3 |  4- 6 |  7- 9 || total
-------------------------+-------+-------+-------++-------
Melee: Flail             |   111 |   100 |    96 ||   307
       Quarterstaff      |       |       |    46 ||    46
 Fire: Longbow           |       |       |    43 ||    43
Throw: Throwing net      |       |     4 |       ||     4
       Dart              |       |    17 |    24 ||    41
  Use: Potion            |       |     1 |     2 ||     3
       Scroll            |       |       |     2 ||     2
 Stab: Held in net/web   |       |     2 |       ||     2
Armor: Leather armour    |    13 |       |       ||    13
       Ring mail         |    36 |    33 |    94 ||   163
       Skin              |       |    13 |    21 ||    34
Dodge: Dodged            |    89 |    66 |   119 ||   274

Table legend: (Time is in decaauts)
 A = Elapsed time spent in this place.
 B = Non-inter-level travel time spent in this place.
 C = Inter-level travel time spent in this place.
 D = Time resting spent in this place.
 E = Time spent auto-exploring this place.
 F = Levels seen in this place.
 G = Mean time per level.
                   A        B        C        D        E       F      G
               +--------+--------+--------+--------+--------+-----+--------+
         Total |   5611 |   5299 |    312 |    302 |   3868 |   6 |  935.2 |
       Dungeon |   5611 |   5299 |    312 |    302 |   3868 |   6 |  935.2 |
               +--------+--------+--------+--------+--------+-----+--------+

Top non-repeatable levels by time:
     D:4: 1825 daAuts
     D:3: 1289 daAuts
     D:5: 939 daAuts
     D:2: 774 daAuts
     D:1: 759 daAuts
     D:6: 22 daAuts
